 Dungeon Crawl Stone Soup version 0.23.0 (webtiles) character file.

Game seed: 15140816409362081844

254 Gargoyl the Skirmisher (level 5, 0/46 HPs)
             Began as a Centaur Abyssal Knight on Feb 12, 2019.
             Was a Believer of Lugonu.
             Slain by Terence
             ... wielding a +8 flail of crushing
              (11 damage)
             ... on level 2 of the Dungeon.
             The game lasted 00:03:53 (2157 turns).

Gargoyl the Skirmisher (Centaur Abyssal Knight)     Turns: 2157, Time: 00:03:54

Health: 0/46       AC:  7    Str: 15    XL:     5   Next: 90%
Magic:  7/7        EV:  8    Int: 11    God:    Lugonu [**....]
Gold:   177        SH:  0    Dex:  9    Spells: 4/4 levels left

rFire    . . .     SeeInvis .   d - +6 halberd "Goblinslayer" {drain, MR+}
rCold    . . .     Gourm    .   (shield currently unavailable)
rNeg     + . .     Faith    .   j - +0 ring mail
rPois    .         Spirit   .   i - +0 helmet
rElec    .         Reflect  .   (no cloak)
rCorr    .         Harm     .   (no gloves)
MR       +....                  (no barding)
Stlth    ..........             (no amulet)
HPRegen  0.15/turn              h - ring of positive energy
MPRegen  0.10/turn              (no ring)

@: very slightly contaminated, invisible, very quick
A: large, hooves 3, deformed body, speed 2, tough skin 3
a: Depart the Abyss, Bend Space, Renounce Religion


You were on level 2 of the Dungeon.
You worshipped Lugonu.
Lugonu was pleased with you.
You were not hungry.

You visited 1 branch of the dungeon, and saw 2 of its levels.
You visited the Abyss 1 time.

You collected 177 gold pieces.

Inventory:

Hand Weapons
 a - a +1 hand axe
 d - the +6 halberd "Goblinslayer" (weapon) {drain, MR+}
   (You found it on level 2 of the Abyss)

   A truly terrible weapon, it drains the life of those it strikes.
   It affects your resistance to hostile enchantments.
Missiles
 k - 4 tomahawks (quivered)
Armour
 i - a +0 helmet (worn)
 j - a +0 ring mail (worn)
Jewellery
 h - a ring of positive energy (left hand)
Scrolls
 l - a scroll of enchant weapon {unknown}
Potions
 e - a potion of curing {unknown}
 f - a potion of brilliance {unknown}
 g - a potion of agility {unknown}
Comestibles
 c - 4 rations
 m - a chunk of flesh


   Skills:
 + Level 3.6 Fighting
 + Level 1.8(2.9) Axes
 * Level 3.4(3.7) Polearms
 + Level 0.1 Throwing
 * Level 2.2 Armour
 * Level 1.6 Dodging
 * Level 2.6 Invocations


You had 4 spell levels left.
You didn't know any spells.
Your spell library was empty.

Dungeon Overview and Level Annotations

Branches:
Dungeon (2/15)

Altars:
Okawaru
Trog

Annotations:
D:2 1 runed translucent door, Crazy Yiuf, Terence


Innate Abilities, Weirdness & Mutations

You have hooves in place of feet.
Armour fits poorly on your strangely shaped body.
You cover ground very quickly.
You have extremely tough skin. (AC +3)


Message History

Terence is nearby!
There is an open door here.
Terence hits you but does no damage.
You closely miss Terence.
Terence hits you with a +8 flail of crushing.
You barely miss Terence.
Terence hits you with a +8 flail of crushing.
You barely miss Terence. Your kick misses Terence.
Terence hits you with a +8 flail of crushing!
You fade into invisibility!
Terence closely misses you.
You are very lightly contaminated with residual magic.
You slash Terence!
Terence is severely wounded.
Terence hits you with a +8 flail of crushing!
* * * LOW HITPOINT WARNING * * *
You barely miss Terence. Your kick misses Terence.
Terence is severely wounded.
Terence hits you with a +8 flail of crushing!
You die...

#....# #.#
###### #.#
#######.###
#.........#
#.........#
#.........#
#.........#
#######'###
#@# #@#
#### #.#
#..) #.#
#... #.#
g.. #.# #+#
#.. ♣♣.♣
### ♣.♣♣
♣♣.♣


You could see Terence.

Vanquished Creatures
  Sigmund (D:2)
  A hound (D:2)
  2 adders (D:2)
  An ooze (D:2)
  A worm (D:2)
  A dart slug (D:1)
  2 leopard geckos
  2 giant cockroaches
  7 goblins
  7 hobgoblins
  4 jackals (D:2)
  7 bats
  3 frilled lizards
  6 kobolds
  6 rats
51 creatures vanquished.

Notes
Turn   | Place    | Note
-------+----------+-------------------------------------------
     0 | Abyss:1  | Gargoyl the Centaur Abyssal Knight began the quest for the
                  | Orb.
     0 | Abyss:1  | Reached XP level 1. HP: 19/19 MP: 2/2
    28 | Abyss:2  | Noticed a smoke demon
    31 | Abyss:2  | Got a pitted halberd
    32 | D:1      | Escaped the Abyss
    33 | D:1      | Identified the +6 halberd "Goblinslayer" {drain, MR+} (You
                  | found it on level 2 of the Abyss)
   260 | D:1      | Reached XP level 2. HP: 20/26 MP: 3/3
   264 | D:1      | Reached * piety under Lugonu
   467 | D:1      | Reached skill level 1 in Dodging
   807 | D:1      | Reached skill level 1 in Polearms
   963 | D:1      | Reached XP level 3. HP: 31/31 MP: 4/4
  1216 | D:2      | Reached XP level 4. HP: 32/38 MP: 5/5
  1546 | D:2      | Noticed Sigmund
  1553 | D:2      | Killed Sigmund
  1553 | D:2      | Reached XP level 5. HP: 17/45 MP: 6/6
  1963 | D:2      | Reached ** piety under Lugonu
  1991 | D:2      | Found an iron altar of Okawaru.
  1991 | D:2      | Found a bloodstained altar of Trog.
  2070 | D:2      | Found a runed translucent door.
  2071 | D:2      | Noticed Crazy Yiuf
  2149 | D:2      | Noticed Terence
  2157 | D:2      | Slain by Terence

Skill      XL: |  1  2  3  4 |
---------------+-------------+-----
Dodging        | 1 |  1.6
Polearms       | 1 3 |  3.4
Armour         | 2 |  2.2
Fighting       | |  3.6
Axes           | |  1.8
Throwing       | |  0.1
Invocations    | |  2.6

Action                   |  1- 3 |  4- 6 || total
-------------------------+-------+-------++-------
Melee: Halberd           |    70 |    48 ||   118
       Kick              |     7 |     8 ||    15
Throw: Tomahawk          |     1 |       ||     1
Invok: Depart the Abyss  |     1 |       ||     1
  Use: Scroll            |       |     4 ||     4
       Potion            |       |     2 ||     2
  Eat: Chunk             |       |     3 ||     3
Armor: Leather armour    |    23 |       ||    23
       Ring mail         |     6 |    38 ||    44
Dodge: Dodged            |    35 |    27 ||    62
